 Dungeon Crawl Stone Soup version 0.29.1-1-gd02db6906a (webtiles) character file.

Game seed: 14296288070767528912

475 hawla the Conjurer (level 6, -2/45 HPs)
             Began as a Draconian Conjurer on Sept 24, 2022.
             Succumbed to a kobold's poison
             ... on level 4 of the Dungeon.
             The game lasted 00:12:48 (4836 turns).

hawla the Conjurer (Draconian Conjurer)             Turns: 4836, Time: 00:12:48

Health: -2/45      AC: 13    Str:  9    XL:     6   Next: 84%
Magic:  7/9        EV: 12    Int: 20    God:
Gold:   146        SH:  0    Dex: 10    Spells: 2/9 levels left

rFire   . . .      SeeInvis .   g - +2 dagger (vamp)
rCold   . . .      Faith    .   (no shield)
rNeg    . . .      Spirit   .   (body armour unavailable)
rPois   .          Reflect  .   (helmet restricted)
rElec   .          Harm     .   (no cloak)
rCorr   .          Rampage  .   b - +2 pair of gloves
Will    .....                   (no boots)
Stlth   ++........              (no amulet)
HPRegen 0.15/turn               d - +4 ring of protection
MPRegen 0.11/turn               (no ring)

@: lethally poisoned (-2 -> -13), on berserk cooldown, slowed, invisible, very
slow
A: AC +6, unfitting armour, cold-blooded
a: no special abilities


You were on level 4 of the Dungeon.
You visited 1 branch of the dungeon, and saw 4 of its levels.

You collected 146 gold pieces.

Inventory:

Hand Weapons
 g - a +2 vampiric dagger (weapon)
Armour
 b - a +2 pair of gloves (worn)
 i - a +0 buckler
Jewellery
 d - a +4 ring of protection (left hand)
Potions
 a - a potion of might


   Skills:
 - Level 0.2 Fighting
 - Level 2.1 Dodging
 - Level 2.2 Stealth
 - Level 2.4 Spellcasting
 * Level 7.0 Conjurations
 * Level 3.2 Translocations


You had 2 spell levels left.
You knew the following spells:

 Your Spells              Type           Power      Damage    Failure   Level
a - Magic Dart            Conj           100%       1d8       1%          1
b - Searing Ray           Conj           60%        2d6       1%          2
c - Iskenderun's Mystic   Conj/Tloc      22%        2d6       19%         4

Your spell library contained the following spells:

 Spells                   Type           Power      Damage    Failure   Level
 Dazzling Flash           Conj/Hex       32%        N/A       11%         3
 Fulminant Prism          Conj/Hex       8%         3d7       34%         4


Dungeon Overview and Level Annotations

Branches:
Dungeon (4/15)
 Temple: D:4-7

Altars:
Fedhas
Qazlal
Wu Jian

Annotations:
D:4 1 runed translucent door, baller8008's ghost, amateur HOFi


Innate Abilities, Weirdness & Mutations

Your plain brown scales are hard. (AC +6)
You cannot fit into any form of body armour.
You are cold-blooded and may be slowed by cold attacks.


Message History

You feel sick.
You feel sick.
You feel sick.
You hear some strange, mumbled words.
A puff of flame appears from out of thin air!
The puff of flame misses you.
The kobold throws a poisoned dart.
The poisoned dart completely misses you.
You feel sick.
You are no longer poisoned.
You aren't carrying any scrolls.
Okay, then.
A red film seems to cover your vision as you go berserk!
You feel yourself moving faster!
You feel mighty!
You hear some strange, mumbled words.
A puff of flame appears from out of thin air!
The puff of flame hits you but does no damage.
You feel a strong urge to attack something.
The kobold throws a poisoned dart.
The poisoned dart closely misses you.
A magic dart appears from out of thin air!
The magic dart hits you.
* * * LOW HITPOINT WARNING * * *
You feel your anger nearly subside.
You are no longer berserk.
You are exhausted.
You feel yourself slow down.
You hear some strange, mumbled words.
A puff of flame appears from out of thin air!
The puff of flame hits you but does no damage.
The orc throws a stone.
The stone closely misses you.
Okay, then.
You aren't carrying any scrolls.
The kobold throws a poisoned dart.
The poisoned dart barely misses you.
The orc throws a stone.
The stone barely misses you. Something hits you but does no damage.
The orc throws a stone.
The stone closely misses you.
The kobold throws a poisoned dart.
The poisoned dart hits you!
You are lethally poisoned!
Something hits you but does no damage.
Unknown command.
Unknown command.
You die...

. #)......# ..
####.......# .○.#.
#.°..####### . ..#☼ #.####
.. ..S#######.#### #.°
##.○.○.#○○..°.######
..☼.#....○.○..°°○.......
...☼.☼.○.○°°.°.°°...#####.
....°.○○☼@°°.......)..[...
.....○..○.☼..K.°......÷...
###°°○°.°☼.....○....#####.
..°.○..°...°.☼o.°.).#
..°.○○.○☼°....○○○....$.
###○......○............
#⌠##..°○☼.☼☼#...☼.#.....
...##..☼○○#.○.#####.....
.!.W##○..○☼☼..○ .o.....


You could see an orc (unable to see you), a ball python (unable to see you) and
a kobold (unable to see you).

Vanquished Creatures
  Sigmund (D:3)
  An orc priest (D:4)
  Jessica (D:3)
  Ijyb (D:3)
  An iguana (D:4)
  2 orc wizards (D:3)
  3 gnolls (D:3)
  4 adders
  A worm (D:2)
  2 dart slugs
  11 orcs
  6 bats
  9 endoplasms
  5 giant cockroaches
  6 goblins
  5 hobgoblins
  7 jackals
  10 kobolds
  8 ball pythons
  A frilled lizard (D:1)
  4 rats
89 creatures vanquished.

Notes
Turn   | Place    | Note
-------+----------+-------------------------------------------
     0 | D:1      | hawla the Draconian Conjurer began the quest for the Orb.
     0 | D:1      | Reached XP level 1. HP: 14/14 MP: 3/3
   400 | D:1      | Found a faded altar of an unknown god.
   433 | D:1      | Reached XP level 2. HP: 20/20 MP: 3/5
   436 | D:1      | Learned a level 2 spell: Searing Ray
   736 | D:1      | HP: 1/20 [endoplasm (3)]
  1380 | D:1      | Reached XP level 3. HP: 15/26 MP: 6/6
  2785 | D:2      | Reached XP level 4. HP: 28/33 MP: 7/7
  2790 | D:2      | Learned a level 4 spell: Iskenderun's Mystic Blast
  2870 | D:2      | Reached skill level 5 in Conjurations
  2900 | D:2      | Found a blossoming altar of Fedhas.
  3254 | D:3      | Noticed Jessica
  3260 | D:3      | Killed Jessica
  3329 | D:3      | Found a stormy altar of Qazlal.
  3365 | D:3      | Found an ornate altar of the Wu Jian Council.
  3392 | D:3      | Reached skill level 1 in Translocations
  3413 | D:3      | Noticed Sigmund
  3434 | D:3      | Killed Sigmund
  3435 | D:3      | Reached skill level 6 in Conjurations
  3435 | D:3      | Reached XP level 5. HP: 32/38 MP: 0/8
  3566 | D:3      | Reached XP level 6. HP: 34/45 MP: 2/9
  3840 | D:3      | Noticed Ijyb
  3856 | D:3      | Killed Ijyb
  4479 | D:3      | Reached skill level 7 in Conjurations
  4803 | D:4      | Found a runed translucent door.
  4803 | D:4      | Noticed baller8008's ghost (amateur HOFi)
  4831 | D:4      | HP: 2/67 [something/magic dart (6)]
  4836 | D:4      | Succumbed to a kobold's poison

Illustrated notes

Levels and vault maps discovered:
D:1:      minmay_arrival_pointy, layout_basic,
          shapermc_ecumenical_altar_totnotflames
D:2:      layout_loops_cross, basic_altar
D:3:      layout_loops_ring, nzn_wu_jian_contemplation, grunt_qazlal_sundering,
          uniq_jessica, uniq_sigmund, uniq_ijyb
D:4:      layout_rooms, hellmonk_ghost_happy_afterlife

Skill      XL: |  1  2  3  4  5  6 |
---------------+-------------------+-----
Stealth        | 2 |  2.2
Dodging        | 2 |  2.1
Conjurations   | 6 7 |  7.0
Translocations | 2 3 |  3.2
Fighting       | |  0.2
Spellcasting   | |  2.4

Action                   |  1- 3 |  4- 6 || total
-------------------------+-------+-------++-------
Melee: Unarmed           |   131 |       ||   131
       Tailslap          |    13 |     3 ||    16
       Dagger            |       |    68 ||    68
       Punch             |       |     1 ||     1
 Cast: Magic Dart        |    74 |    19 ||    93
       Searing Ray       |     9 |    21 ||    30
       Iskenderun's Myst |       |     4 ||     4
  Use: Potion            |     2 |     3 ||     5
       Scroll            |     3 |    10 ||    13
 Stab: Sleeping          |       |     1 ||     1
Armor: Skin              |    77 |    47 ||   124
Dodge: Dodged            |   109 |    72 ||   181
